 Dungeon Crawl Stone Soup version 0.31.0-11-ge490571c62 (webtiles) character file.

Game seed: 11495115786419339602

127 Strat the Ducker (level 5, 0/39 HPs)
             Began as a Merfolk Conjurer on Feb 1, 2024.
             Incinerated by a bombardier beetle (3 damage)
             ... with a burning spray
             ... on level 3 of the Dungeon.
             The game lasted 00:04:55 (2193 turns).

Strat the Ducker (Merfolk Conjurer)                 Turns: 2193, Time: 00:04:55

Health: 0/39       AC:  5    Str:  7    XL:     5   Next: 11%
Magic:  8/8        EV: 12    Int: 18    God:
Gold:   118        SH:  0    Dex: 14    Spells: 5/8 levels left

rFire   . . .        b - +0 trident
rCold   . . .        (no shield)
rNeg    + . .        w - +1 leather armour {rN+}
rPois   .            s - +0 helmet
rElec   .            (no cloak)
rCorr   .            (no gloves)
SInv    .            (no boots)
Will    +....        o - amulet of regeneration
Stlth   +            (no ring)
HPRegen 1.06/turn    (no ring)
MPRegen 0.11/turn

%: no passive effects
@: on fire, glowing
A: (nimble swimmer 2), mertail, claws 1, strong-willed 1
a: no special abilities


You were on level 3 of the Dungeon.
You visited 1 branch of the dungeon, and saw 3 of its levels.

You collected 118 gold pieces.

Inventory:

Hand Weapons
 a - a +1 dagger of pain
 b - a +0 trident (weapon)
 f - a +0 club
 g - a +0 dagger
Missiles
 c - 5 javelins
 n - 11 poisoned darts
 p - 6 atropa-tipped darts
 q - a throwing net
Armour
 j - a +0 robe
 l - a +0 ring mail
 s - a +0 helmet (worn)
 t - a +0 cloak
 w - a +1 leather armour of positive energy (worn)
Jewellery
 o - an amulet of regeneration (around neck)
Scrolls
 d - 5 scrolls of identify
 i - a scroll of teleportation {unknown}
 u - a scroll of brand weapon {unknown}
 v - a scroll of enchant weapon {unknown}
 x - a scroll of enchant armour {unknown}
Potions
 h - a potion of invisibility
 k - a potion of mutation
 m - a potion of curing {unknown}
 r - 2 potions of magic


   Skills:
 - Level 2.5 Fighting
 + Level 3.6 Polearms
 - Level 4.3 Dodging
 - Level 2.1 Stealth
 - Level 2.0 Spellcasting
 - Level 3.2 Conjurations


You had 5 spell levels left.
You knew the following spells:

 Your Spells              Type           Power      Damage    Failure   Level
a - Magic Dart            Conj           52%        1d5       7%          1
b - Searing Ray           Conj           26%        2d5       11%         2

Your spell library contained the following spells:

 Spells                   Type           Power      Damage    Failure   Level
 Call Canine Familiar     Summ           1%         N/A       63%         3
 Sigil of Binding         Hex            1%         N/A       63%         3
 Fulminant Prism          Conj/Alch      3%         3d5       80%         4
 Iskenderun's Mystic Bla  Conj/Tloc      7%         2d4       80%         4
 Dimensional Bullseye     Hex/Tloc       0%         N/A       95%         4


Dungeon Overview and Level Annotations

Branches:
Dungeon (3/15)

Altars:
Cheibriados


Innate Abilities, Weirdness & Mutations

((You are very nimble when in or above water. (Stealth+, EV+, Speed+++)))
Your lower body shifts to a powerful aquatic tail in water.
You have sharp fingernails.
You are strong-willed. (Will+)


Message History

* * * LOW HITPOINT WARNING * * *
The bombardier beetle sprays incendiary fluid at you.
The burning spray hits you.
You are even more covered in liquid fire!
You hit the bombardier beetle.
The bombardier beetle is almost dead.
The liquid fire burns you!
* * * LOW HITPOINT WARNING * * *
The bombardier beetle sprays incendiary fluid at you.
The burning spray misses you.
You closely miss the bombardier beetle.
The bombardier beetle is almost dead.
The liquid fire burns you!
* * * LOW HITPOINT WARNING * * *
The bombardier beetle sprays incendiary fluid at you.
The burning spray hits you.
You are even more covered in liquid fire!
You hit the bombardier beetle.
You kill the bombardier beetle!
The liquid fire burns you!
* * * LOW HITPOINT WARNING * * *
Your Polearms skill increases to level 3!
You have reached level 5!
You feel clever.
You shake off some of the fire as you move.
The liquid fire burns you!
* * * LOW HITPOINT WARNING * * *
You see here a +0 dagger.
You shake off some of the fire as you move.
The liquid fire burns you!
* * * LOW HITPOINT WARNING * * *
You shake off some of the fire as you move.
The liquid fire burns you!
* * * LOW HITPOINT WARNING * * *
You shake off some of the fire as you move.
The liquid fire burns you!
* * * LOW HITPOINT WARNING * * *
You shake off some of the fire as you move.
The liquid fire burns you!
You die...

....P....## # #..##.#.#.###.#
...[....## #..##.<...# .#
.......#### # ###..####.###
.# ............#.##....# ....
.#
.......##.#...#.....##.....#
......###............<.......
......# ##.####...#.##... .##
#...#.###...####.##.# ...
##.##.....#.)...@...# ##
#...####.##.# ##†## #)# ..#
#.# #.# # #)# #.# #.# #.# #.#
#.# ........# #.# .B......#


There were no monsters in sight!

Vanquished Creatures
  A bombardier beetle (D:3)
  Robin (D:2)
  3 adders (D:3)
  An orc (D:3)
  4 ball pythons
  7 bats
  7 endoplasms
  2 giant cockroaches
  12 goblins
  4 hobgoblins
  2 jackals (D:1)
  A quokka (D:2)
  2 frilled lizards
  4 kobolds
  3 rats (D:1)
54 creatures vanquished.

Notes
Turn   | Place    | Note
-------+----------+-------------------------------------------
     0 | D:1      | Strat the Merfolk Conjurer began the quest for the Orb.
     0 | D:1      | Reached XP level 1. HP: 13/13 MP: 3/3
   188 | D:1      | Reached skill level 3 in Dodging
   285 | D:1      | Reached skill level 1 in Fighting
   319 | D:1      | Reached XP level 2. HP: 21/21 MP: 5/5
   350 | D:1      | Learned a level 2 spell: Searing Ray
   998 | D:2      | Reached XP level 3. HP: 27/27 MP: 6/6
  1070 | D:2      | Noticed Robin
  1532 | D:2      | Reached skill level 4 in Dodging
  1607 | D:2      | Killed Robin
  1721 | D:2      | Reached XP level 4. HP: 31/34 MP: 7/7
  1888 | D:3      | Reached skill level 1 in Polearms
  2116 | D:3      | Found a snail-covered altar of Cheibriados.
  2183 | D:3      | Gained mutation: You are strong-willed. (Will+) [potion of
                  | mutation]
  2183 | D:3      | Gained mutation: You have sharp fingernails. [potion of
                  | mutation]
  2189 | D:3      | Reached XP level 5. HP: 16/39 MP: 8/8
  2193 | D:3      | Incinerated by a bombardier beetle

Illustrated notes

Levels and vault maps discovered:
D:1:      minmay_arrival_arboretum_small, layout_loops_ring
D:2:      layout_rooms, hex_large, uniq_robin
D:3:      layout_loops_ring, overflow_temple_1_default,
          dreamdust_mushroom_princess

Skill      XL: |  1  2  3  4 |
---------------+-------------+-----
Dodging        | 3 4 |  4.3
Fighting       | 1 2 |  2.5
Polearms       | 3 |  3.6
Stealth        | |  2.1
Spellcasting   | |  2.0
Conjurations   | |  3.2

Action                     |  1- 3 |  4- 6 || total
---------------------------+-------+-------++-------
  Melee: Club              |    22 |       ||    22
         Dagger            |    93 |       ||    93
         Trident           |       |    67 ||    67
         Punch             |       |     2 ||     2
   Cast: Magic Dart        |     4 |       ||     4
         Searing Ray       |     9 |       ||     9
    Use: Potion            |     1 |     2 ||     3
         Scroll            |     1 |       ||     1
   Stab: Sleeping          |     3 |     4 ||     7
         Invisible         |     2 |       ||     2
 Armour: Robe              |    74 |       ||    74
         Ring mail         |     3 |    14 ||    17
         Leather armour    |       |    10 ||    10
  Dodge: Dodged            |    89 |    47 ||   136
